Avalanche vs Sharks

Created - December 11, 2020 at 19:38

Goals
1 2 3 T
Avalanche 0 3 2 5
Sharks 0 1 1 2
Shots
1 2 3 T
Avalanche 10 17 10 37
Sharks 6 10 9 25

1st period

No Goal

Penalties :
Zach Boychuk (SJS) for Holding (Minor) at 1:13, Oskar Osala (SJS) for Holding (Minor) at 3:56, Bryan Little (Col) for Tripping (Minor) at 4:55, Joni Pitkanen (SJS) for Cross-checking (Minor) at 7:24, Luke Adam (SJS) for Tripping (Minor) at 12:33

2nd period

1. Avalanche , Mikkel Boedker 23 (Bryan Little 26, Patric Hornqvist 13) at 1:10
2. Avalanche , Mikkel Boedker 24 (Bryan Little 27, Patric Hornqvist 14) at 3:34 (PP)
3. Avalanche , Tomas Tatar 1 (Charlie Coyle 3, Marc Staal 11) at 7:36
4. Sharks , Drew Doughty 5 (Boone Jenner 4, Ryan Miller) at 17:07

Penalties :
Jason Spezza (SJS) for Holding Stick (Minor) at 3:21, Paul Stastny (Col) for Interference (Minor) at 17:27

3rd period

5. Sharks , Zach Boychuk 4 (Boone Jenner 5) at 1:42
6. Avalanche , Patric Hornqvist 10 (Mikkel Boedker 29) at 18:26
7. Avalanche , Charlie Coyle 4 (Erik Karlsson 10) at 18:42

Penalties :
James Van Riemsdyk (Col) for Holding (Minor) at 7:25, Tomas Tatar (Col) for Hooking (Minor) at 12:59

Goalie Stats

Semyon Varlamov (Col), 23 saves from 25 shots - (0.920), W, 7-3-3, 60:00 minutes
Ryan Miller (SJS), 32 saves from 37 shots - (0.865), L, 10-5-5, 60:00 minutes

Players Stats for Avalanche

Player Name              G  A  P  +/- PIM S  H  SB GA TA FO     MP     PP MP  PK MP  
------------------------------------------------------------------------------------
Bryan Little             0  2  2   2  2   3  4  2  0  0  12/23  18:50   4:05   1:36 
Charlie Coyle            1  1  2   1  0   5  0  0  1  0  3/5    11:56   0:08   0:23 
Colten Teubert           0  0  0   0  0   2  3  1  2  3  0/0    21:11   3:21   2:32 
Daniel Carr              0  0  0   0  0   2  0  0  0  0  0/0     7:20   0:00   0:13 
Erik Karlsson            0  1  1   1  0   3  2  0  1  0  0/0    25:26   3:48   2:32 
Evgeny Dadonov           0  0  0  -1  0   4  4  0  0  0  1/1    15:46   3:03   0:00 
Jack Johnson             0  0  0   1  0   2  1  1  0  0  0/0    26:39   3:48   4:24 
James Van Riemsdyk       0  0  0  -1  2   1  1  0  0  0  0/0    17:37   3:03   1:00 
Joel Edmundson           0  0  0   1  0   0  0  1  0  2  0/0    12:10   0:00   0:00 
Kyle Turris              0  0  0   0  0   0  0  0  0  1  1/2     7:07   0:00   0:00 
Luke Witkowski           0  0  0   0  0   0  1  0  0  0  0/0     7:07   0:00   0:00 
Marc Staal               0  1  1   0  0   0  0  0  0  0  0/0    22:24   3:21   4:24 
Mattias Ekholm           0  0  0   1  0   0  1  1  0  0  0/0    12:10   0:00   0:00 
Mikkel Boedker           2  1  3   2  0   7  1  0  0  1  3/6    21:12   3:58   3:26 
Patric Hornqvist         1  2  3   2  0   1  4  2  1  1  2/3    21:26   4:06   3:38 
Paul Stastny             0  0  0  -1  2   5  2  0  2  0  9/17   18:03   3:03   1:26 
Peter Prucha             0  0  0   1  0   0  2  0  0  0  0/0    14:11   0:00   2:10 
Tomas Tatar              1  0  1   1  2   2  1  0  0  0  0/0    11:25   0:00   0:00 

Players Stats for Sharks

Player Name              G  A  P  +/- PIM S  H  SB GA TA FO     MP     PP MP  PK MP  
------------------------------------------------------------------------------------
Andrej Sekera            0  0  0   0  0   0  0  0  0  0  0/0    17:29   0:14   2:53 
Bobby Butler             0  0  0  -1  0   1  1  1  1  0  0/0    10:41   0:00   0:00 
Boone Jenner             0  2  2   1  0   0  0  0  0  0  0/1     6:49   0:14   0:07 
Brandon Dubinsky         0  0  0   0  0   2  1  0  1  1  0/0    19:18   3:22   2:52 
Brayden McNabb           0  0  0  -1  0   0  0  0  0  0  0/0    11:08   0:00   0:22 
Drew Doughty             1  0  1  -1  0   6  2  3  0  1  0/0    28:32   3:51   4:06 
Jason Spezza             0  0  0  -2  2   2  3  0  0  0  17/33  23:05   3:31   3:51 
Jiri Tlusty              0  0  0   1  0   2  0  0  0  1  0/0     6:23   0:00   0:00 
Joni Pitkanen            0  0  0  -1  2   0  1  0  2  0  0/0    14:39   3:05   0:00 
Luke Adam                0  0  0  -1  2   2  1  0  1  0  0/2    10:51   0:00   0:00 
Mike Cammalleri          0  0  0  -2  0   0  1  0  0  0  0/1    20:56   3:02   2:39 
Milan Michalek           0  0  0  -1  0   1  2  0  0  0  1/2    11:24   0:29   0:00 
Nick Palmieri            0  0  0  -2  0   2  2  2  1  1  1/2    23:05   3:20   4:03 
Oskar Osala              0  0  0   0  2   1  1  0  1  0  0/0    16:01   3:28   0:00 
PK Subban                0  0  0   0  0   1  2  4  0  2  0/0    23:47   3:50   4:16 
T.J. Hensick             0  0  0   0  0   1  1  1  1  1  7/14   15:56   3:22   0:00 
Tyler Cuma               0  0  0  -1  0   3  1  1  0  0  0/0    24:27   2:52   2:41 
Zach Boychuk             1  0  1   1  2   1  0  0  0  0  0/2     7:15   0:00   0:46 

3 Stars

1 - Mikkel Boedker (Col)
2 - Patric Hornqvist (Col)
3 - Charlie Coyle (Col)

Power Play

Avalanche - 1 on 5 Attempt(s) - 20.00%
Sharks - 0 on 4 Attempt(s) - 0.00%

Penalty Kill

Avalanche - 4 on 4 Attempt(s) - 100.00% - Score 0 goal in Penalty Kill
Sharks - 4 on 5 Attempt(s) - 80.00% - Score 0 goal in Penalty Kill

Team Stat

Avalanche - Hits : 27 - Faceoff Wins : 31 - Blocked Shots : 8 - Penalty Minutes : 8
Sharks - Hits : 19 - Faceoff Wins : 26 - Blocked Shots : 12 - Penalty Minutes : 10

Official

Referees : Unknown
Linesman : Unknown

Game Notes

No Game Note

Finance

Level 1 -- Attendance: 4321 (72.02%) -- Ticket Income $496,915
Level 2 -- Attendance: 3613 (72.26%) -- Ticket Income $270,975
Level 3 -- Attendance: 1350 (67.50%) -- Ticket Income $67,500
Level 4 -- Attendance: 3228 (80.70%) -- Ticket Income $96,840
Luxury Box -- Attendance: 756 (75.60%) -- Ticket Income $158,760
Game was played at the Hockey Place Center.
Total Attendance: 13268 (73.71%)
Total Ticket Income: $1,090,990
Other Income: $163,648
Total Income: $1,254,638

Avalanche

5 vs 5 Forward 
   Center                   Left Wing                Right Wing               Time % Phy DF OF 
 1 Bryan Little             Mikkel Boedker           Patric Hornqvist         35     1   2  2  
 2 Paul Stastny             James Van Riemsdyk       Evgeny Dadonov           33     1   2  2  
 3 Charlie Coyle            Tomas Tatar              Peter Prucha             20     1   2  2  
 4 Kyle Turris              Daniel Carr              Luke Witkowski           12     1   2  2  

5 vs 5 Defense 
   Defense                  Defense                                           Time % Phy DF OF 
 1 Jack Johnson             Erik Karlsson                                     40     1   2  2  
 2 Marc Staal               Colten Teubert                                    35     1   2  2  
 3 Mattias Ekholm           Joel Edmundson                                    25     1   2  2  
 4 Jack Johnson             Marc Staal                                        0      1   2  2  

PowerPlay Forward 
   Center                   Left Wing                Right Wing               Time % Phy DF OF 
 1 Bryan Little             Mikkel Boedker           Patric Hornqvist         60     1   2  2  
 2 Paul Stastny             James Van Riemsdyk       Evgeny Dadonov           40     1   2  2  

PowerPlay Defense
   Defense                  Defense                                           Time % Phy DF OF 
 1 Jack Johnson             Erik Karlsson                                     60     1   2  2  
 2 Marc Staal               Colten Teubert                                    40     1   2  2  

Penalty Kill 4 Players Forward 
   Center                   Wing                     Time % Phy DF OF 
 1 Mikkel Boedker           Patric Hornqvist         60     1   2  2  
 2 Bryan Little             Paul Stastny             40     1   2  2  

Penalty Kill 4 Players Defense
   Defense                  Defense                  Time % Phy DF OF 
 1 Jack Johnson             Marc Staal               60     1   2  2  
 2 Erik Karlsson            Colten Teubert           40     1   2  2  

Penalty Kill - 3 Players Forward 
   Forward                                           Time % Phy DF OF 
 1 Mikkel Boedker                                    60     1   2  2  
 2 Patric Hornqvist                                  40     1   2  2  

Penalty Kill - 3 Players Defense
   Defense                  Defense                  Time % Phy DF OF 
 1 Jack Johnson             Marc Staal               60     1   2  2  
 2 Erik Karlsson            Colten Teubert           40     1   2  2  

4 vs 4 Forward 
   Center                   Wing                     Time % Phy DF OF 
 1 Mikkel Boedker           Patric Hornqvist         60     1   2  2  
 2 Bryan Little             Paul Stastny             40     1   2  2  

4 vs 4 Defense
   Defense                  Defense                  Time % Phy DF OF 
 1 Jack Johnson             Marc Staal               60     1   2  2  
 2 Erik Karlsson            Colten Teubert           40     1   2  2  

Last Minutes Offensive
   Center                   Left Wing                Right Wing               Defense                  Defense                  
   Bryan Little             Mikkel Boedker           Patric Hornqvist         Jack Johnson             Marc Staal               

Last Minutes Defensive
   Center                   Left Wing                Right Wing               Defense                  Defense                  
   Bryan Little             Mikkel Boedker           Patric Hornqvist         Jack Johnson             Marc Staal               

Goaltenders
Starting : Semyon Varlamov          
Backup : Cam Ward                 

Extra Forwards
Normal : James Van Riemsdyk, Charlie Coyle, Peter Prucha - PP : James Van Riemsdyk, Charlie Coyle - PK : Peter Prucha
Extra Defensemen
Normal : Mattias Ekholm, Joel Edmundson, Erik Karlsson - PP : Mattias Ekholm - PK : Joel Edmundson, Erik Karlsson
Penalty Shots
Mikkel Boedker, Patric Hornqvist, Bryan Little, Paul Stastny, Charlie Coyle

Scratches
Andrew Ladd (Healthy), Danny Richmond (Healthy)

Sharks

5 vs 5 Forward 
   Center                   Left Wing                Right Wing               Time % Phy DF OF 
 1 Jason Spezza             Mike Cammalleri          Nick Palmieri            40     1   2  2  
 2 T.J. Hensick             Brandon Dubinsky         Oskar Osala              30     1   2  2  
 3 Luke Adam                Milan Michalek           Bobby Butler             20     1   2  2  
 4 Boone Jenner             Zach Boychuk             Jiri Tlusty              10     1   2  2  

5 vs 5 Defense 
   Defense                  Defense                                           Time % Phy DF OF 
 1 Drew Doughty             Tyler Cuma                                        40     1   1  3  
 2 Andrej Sekera            PK Subban                                         30     1   2  2  
 3 Joni Pitkanen            Brayden McNabb                                    20     1   2  2  
 4 Drew Doughty             PK Subban                                         10     1   2  2  

PowerPlay Forward 
   Center                   Left Wing                Right Wing               Time % Phy DF OF 
 1 Jason Spezza             Mike Cammalleri          Nick Palmieri            60     1   1  3  
 2 T.J. Hensick             Brandon Dubinsky         Oskar Osala              40     1   1  3  

PowerPlay Defense
   Defense                  Defense                                           Time % Phy DF OF 
 1 Drew Doughty             PK Subban                                         60     0   2  3  
 2 Joni Pitkanen            Tyler Cuma                                        40     0   2  3  

Penalty Kill 4 Players Forward 
   Center                   Wing                     Time % Phy DF OF 
 1 Jason Spezza             Nick Palmieri            60     1   4  0  
 2 Mike Cammalleri          Brandon Dubinsky         40     1   4  0  

Penalty Kill 4 Players Defense
   Defense                  Defense                  Time % Phy DF OF 
 1 Drew Doughty             PK Subban                60     1   4  0  
 2 Andrej Sekera            Tyler Cuma               40     1   4  0  

Penalty Kill - 3 Players Forward 
   Forward                                           Time % Phy DF OF 
 1 Jason Spezza                                      60     1   4  0  
 2 Nick Palmieri                                     40     1   4  0  

Penalty Kill - 3 Players Defense
   Defense                  Defense                  Time % Phy DF OF 
 1 Drew Doughty             Andrej Sekera            60     1   4  0  
 2 Andrej Sekera            Joni Pitkanen            40     1   4  0  

4 vs 4 Forward 
   Center                   Wing                     Time % Phy DF OF 
 1 Jason Spezza             Nick Palmieri            60     1   2  2  
 2 Mike Cammalleri          Brandon Dubinsky         40     1   2  2  

4 vs 4 Defense
   Defense                  Defense                  Time % Phy DF OF 
 1 Drew Doughty             Tyler Cuma               60     1   2  2  
 2 Joni Pitkanen            PK Subban                40     1   2  2  

Last Minutes Offensive
   Center                   Left Wing                Right Wing               Defense                  Defense                  
   Jason Spezza             Mike Cammalleri          Nick Palmieri            Drew Doughty             PK Subban                

Last Minutes Defensive
   Center                   Left Wing                Right Wing               Defense                  Defense                  
   Jason Spezza             Milan Michalek           Nick Palmieri            Drew Doughty             Andrej Sekera            

Goaltenders
Starting : Ryan Miller              
Backup : Tyler Weiman             

Extra Forwards
Normal : Milan Michalek, Boone Jenner, Zach Boychuk - PP : Milan Michalek, Boone Jenner - PK : Zach Boychuk
Extra Defensemen
Normal : Andrej Sekera, Tyler Cuma, Brayden McNabb - PP : Tyler Cuma - PK : Brayden McNabb, Tyler Cuma
Penalty Shots
Jason Spezza, Nick Palmieri, Mike Cammalleri, Brandon Dubinsky, Milan Michalek

Scratches
David Rundblad (Healthy)

% Time on Ice - Avalanche

Lines # - Real PCT - Wanted PCT - Time Play
Normal Forward
1 - 30% - 35% - 13:41
2 - 28% - 33% - 12:44
3 - 25% - 20% - 11:23
4 - 16% - 12% - 7:07
Normal Defense
1 - 39% - 40% - 17:43
2 - 33% - 35% - 15:02
3 - 27% - 25% - 12:10
4 - 0% - 0% - 0:00
PP Forward
1 - 57% - 60% - 4:06
2 - 43% - 40% - 3:03
PP Defense
1 - 53% - 60% - 3:48
2 - 47% - 40% - 3:21
PK Forward
1 - 71% - 60% - 4:55
2 - 29% - 40% - 2:01
PK Defense
1 - 63% - 60% - 4:24
2 - 37% - 40% - 2:32
PK3 Forward
1 - 0% - 60%
2 - 0% - 40%
PK3 Defense
1 - 0% - 60%
2 - 0% - 40%
44 Forward
1 - 65% - 60% - 0:39
2 - 35% - 40% - 0:21
44 Defense
1 - 73% - 60% - 0:44
2 - 27% - 40% - 0:16
Last Minute Offensive  - 0:00
Last Minute Defensive  - 0:00
Total
Forward - 60:00
Defense - 60:00

% Time on Ice - Sharks

Lines # - Real PCT - Wanted PCT - Time Play
Normal Forward
1 - 34% - 40% - 15:06
2 - 28% - 30% - 12:45
3 - 24% - 20% - 10:41
4 - 14% - 10% - 6:23
Normal Defense
1 - 42% - 40% - 18:41
2 - 32% - 30% - 14:34
3 - 24% - 20% - 10:46
4 - 2% - 10% - 0:54
PP Forward
1 - 51% - 60% - 3:34
2 - 49% - 40% - 3:22
PP Defense
1 - 56% - 60% - 3:51
2 - 44% - 40% - 3:05
PK Forward
1 - 64% - 60% - 4:34
2 - 36% - 40% - 2:35
PK Defense
1 - 60% - 60% - 4:16
2 - 40% - 40% - 2:53
PK3 Forward
1 - 0% - 60%
2 - 0% - 40%
PK3 Defense
1 - 0% - 60%
2 - 0% - 40%
44 Forward
1 - 68% - 60% - 0:41
2 - 32% - 40% - 0:19
44 Defense
1 - 100% - 60% - 1:00
2 - 0% - 40% - 0:00
Last Minute Offensive  - 0:00
Last Minute Defensive  - 0:00
Total
Forward - 60:00
Defense - 60:00

Play-by-Play

1st period


0:01 of 1st period - Jason Spezza wins face-off versus Bryan Little in neutral zone.
0:04 of 1st period - Snap shot by Drew Doughty.
0:04 of 1st period - Shot Blocked by Patric Hornqvist.
0:10 of 1st period - Wrist shot by Nick Palmieri.
0:10 of 1st period - Shot Misses the Net.
0:12 of 1st period - Slapshot by Drew Doughty.
0:12 of 1st period - Shot Misses the Net.
0:52 of 1st period - Slapshot by Tomas Tatar.
0:52 of 1st period - Shot Misses the Net.
0:54 of 1st period - Wrist shot by Charlie Coyle.
0:54 of 1st period - Stopped by Ryan Miller with a rebound.
0:56 of 1st period - Slapshot by Erik Karlsson.
0:56 of 1st period - Deflect By Milan Michalek.
0:56 of 1st period - Stopped by Ryan Miller without a rebound.
0:57 of 1st period - Kyle Turris wins face-off versus Boone Jenner in Sharks zone.
1:13 of 1st period - Minor Penalty to Zach Boychuk for Holding.
1:14 of 1st period - Patric Hornqvist wins face-off versus Jason Spezza in Sharks zone.
1:28 of 1st period - Snap shot by Mikkel Boedker.
1:28 of 1st period - Deflect By Bryan Little.
1:28 of 1st period - Shot Misses the Net.
1:28 of 1st period - Puck is out of play.
1:29 of 1st period - Paul Stastny wins face-off versus Jason Spezza in Sharks zone.
1:36 of 1st period - Snap shot by Paul Stastny.
1:36 of 1st period - Stopped by Ryan Miller without a rebound.
1:37 of 1st period - Jason Spezza wins face-off versus Paul Stastny in Sharks zone.
1:37 of 1st period - Jason Spezza is hit by Evgeny Dadonov.
1:53 of 1st period - Wrist shot by Paul Stastny.
1:53 of 1st period - Stopped by Ryan Miller with a rebound.
2:13 of 1st period - Backhand shot by Evgeny Dadonov.
2:13 of 1st period - Shot Misses the Net.
2:15 of 1st period - Wrist shot by Jack Johnson.
2:15 of 1st period - Shot Blocked by PK Subban.
2:17 of 1st period - Snap shot by Paul Stastny.
2:17 of 1st period - Shot Misses the Net.
2:19 of 1st period - Slapshot by Erik Karlsson.
2:19 of 1st period - Deflect By Drew Doughty.
2:19 of 1st period - Stopped by Ryan Miller without a rebound.
2:20 of 1st period - Patric Hornqvist wins face-off versus Jason Spezza in Sharks zone.
3:13 of 1st period - Penalty to Zach Boychuk is over, Zach Boychuk is back on ice.
3:14 of 1st period - Nick Palmieri is hit by Bryan Little and loses puck.
3:33 of 1st period - Slapshot by Drew Doughty.
3:33 of 1st period - Stopped by Semyon Varlamov without a rebound.
3:34 of 1st period - Paul Stastny wins face-off versus T.J. Hensick in Avalanche zone.
3:56 of 1st period - Minor Penalty to Oskar Osala for Holding.
3:57 of 1st period - Jason Spezza wins face-off versus Bryan Little in Sharks zone.
4:24 of 1st period - James Van Riemsdyk is hit by Drew Doughty and loses puck.
4:55 of 1st period - Minor Penalty to Bryan Little for Tripping.
4:56 of 1st period - Mikkel Boedker wins face-off versus Jason Spezza in Avalanche zone.
5:03 of 1st period - Wrist shot by Mikkel Boedker.
5:03 of 1st period - Shot Blocked by Nick Palmieri.
5:05 of 1st period - Slapshot by Jack Johnson.
5:05 of 1st period - Stopped by Ryan Miller with a rebound.
5:07 of 1st period - Snap shot by Patric Hornqvist.
5:07 of 1st period - Shot Misses the Net.
5:09 of 1st period - Slapshot by Marc Staal.
5:09 of 1st period - Shot Blocked by Drew Doughty.
5:25 of 1st period - Slapshot by Drew Doughty.
5:25 of 1st period - Stopped by Semyon Varlamov with a rebound.
5:33 of 1st period - Brandon Dubinsky is hit by James Van Riemsdyk and loses puck.
5:56 of 1st period - Penalty to Oskar Osala is over, Oskar Osala is back on ice.
6:05 of 1st period - Slapshot by Drew Doughty.
6:05 of 1st period - Shot Misses the Net.
6:55 of 1st period - Penalty to Bryan Little is over, Bryan Little is back on ice.
7:16 of 1st period - Backhand shot by Erik Karlsson.
7:16 of 1st period - Deflect By Daniel Carr.
7:16 of 1st period - Deflect By Joni Pitkanen.
7:16 of 1st period - Stopped by Ryan Miller with a rebound.
7:18 of 1st period - Slapshot by Colten Teubert.
7:18 of 1st period - Shot Misses the Net.
7:24 of 1st period - Minor Penalty to Joni Pitkanen for Cross-checking.
7:25 of 1st period - Jason Spezza wins face-off versus Bryan Little in Sharks zone.
7:34 of 1st period - Jason Spezza is hit by Bryan Little and loses puck.
8:15 of 1st period - Jason Spezza is hit by Patric Hornqvist and loses puck.
9:24 of 1st period - Penalty to Joni Pitkanen is over, Joni Pitkanen is back on ice.
10:04 of 1st period - Slapshot by Jiri Tlusty.
10:04 of 1st period - Stopped by Semyon Varlamov with a rebound.
12:33 of 1st period - Minor Penalty to Luke Adam for Tripping.
12:34 of 1st period - Bryan Little wins face-off versus Nick Palmieri in Sharks zone.
13:01 of 1st period - Nick Palmieri is hit by Evgeny Dadonov and loses puck.
13:12 of 1st period - Snap shot by Paul Stastny.
13:12 of 1st period - Stopped by Ryan Miller with a rebound.
13:43 of 1st period - Icing by Colten Teubert.
13:44 of 1st period - Evgeny Dadonov wins face-off versus Zach Boychuk in Avalanche zone.
14:16 of 1st period - Icing by James Van Riemsdyk.
14:17 of 1st period - Bryan Little wins face-off versus Jason Spezza in Avalanche zone.
14:27 of 1st period - Snap shot by Mikkel Boedker.
14:27 of 1st period - Shot Misses the Net.
14:33 of 1st period - Penalty to Luke Adam is over, Luke Adam is back on ice.
14:43 of 1st period - Snap shot by Charlie Coyle.
14:43 of 1st period - Stopped by Ryan Miller without a rebound.
14:44 of 1st period - Jason Spezza wins face-off versus Charlie Coyle in Sharks zone.
14:49 of 1st period - Charlie Coyle is hit by Jason Spezza and loses puck.
15:10 of 1st period - Marc Staal is hit by PK Subban and loses puck.
15:21 of 1st period - Slapshot by T.J. Hensick.
15:21 of 1st period - Shot Hit the Post.
15:40 of 1st period - Snap shot by Peter Prucha.
15:40 of 1st period - Shot Blocked by PK Subban.
15:46 of 1st period - Wrist shot by Peter Prucha.
15:46 of 1st period - Shot Blocked by PK Subban.
15:48 of 1st period - Slapshot by Colten Teubert.
15:48 of 1st period - Deflect By Tomas Tatar.
15:48 of 1st period - Shot Misses the Net.
15:48 of 1st period - Puck is out of play.
15:49 of 1st period - Jason Spezza wins face-off versus Bryan Little in Sharks zone.
16:20 of 1st period - Joni Pitkanen is hit by Evgeny Dadonov and loses puck.
16:47 of 1st period - Snap shot by Jiri Tlusty.
16:47 of 1st period - Stopped by Semyon Varlamov without a rebound.
16:48 of 1st period - Bryan Little wins face-off versus Jason Spezza in Avalanche zone.
16:59 of 1st period - Snap shot by Nick Palmieri.
16:59 of 1st period - Shot Blocked by Bryan Little.
17:05 of 1st period - Snap shot by Bryan Little.
17:05 of 1st period - Shot Blocked by Drew Doughty.
17:15 of 1st period - Paul Stastny is hit by Brandon Dubinsky and loses puck.
18:08 of 1st period - Snap shot by Mikkel Boedker.
18:08 of 1st period - Stopped by Ryan Miller without a rebound.
18:09 of 1st period - Bryan Little wins face-off versus Jason Spezza in Sharks zone.
18:16 of 1st period - Snap shot by Mikkel Boedker.
18:16 of 1st period - Shot Misses the Net.
18:36 of 1st period - Brandon Dubinsky is hit by Paul Stastny and loses puck.
19:01 of 1st period - Snap shot by Charlie Coyle.
19:01 of 1st period - Shot Misses the Net.
19:03 of 1st period - Slapshot by Joel Edmundson.
19:03 of 1st period - Shot Blocked by Bobby Butler.
19:19 of 1st period - Milan Michalek is hit by Bryan Little.
19:29 of 1st period - Wrist shot by Luke Adam.
19:29 of 1st period - Stopped by Semyon Varlamov without a rebound.
19:30 of 1st period - Paul Stastny wins face-off versus Jason Spezza in Avalanche zone.
19:39 of 1st period - Snap shot by Drew Doughty.
19:39 of 1st period - Stopped by Semyon Varlamov without a rebound.
19:40 of 1st period - Jason Spezza wins face-off versus Paul Stastny in Avalanche zone.
Goals for this period are 0 for Avalanche vs 0 for Sharks.
Shots for this period are 10 for Avalanche vs 6 for Sharks.

2nd period


0:01 of 2nd period - Jason Spezza wins face-off versus Mikkel Boedker in neutral zone.
0:12 of 2nd period - Erik Karlsson is hit by Jason Spezza and loses puck.
0:32 of 2nd period - Backhand shot by T.J. Hensick.
0:32 of 2nd period - Deflect By Brandon Dubinsky.
0:32 of 2nd period - Stopped by Semyon Varlamov without a rebound.
0:33 of 2nd period - T.J. Hensick wins face-off versus Paul Stastny in Avalanche zone.
0:41 of 2nd period - Icing by PK Subban.
0:42 of 2nd period - Paul Stastny wins face-off versus T.J. Hensick in Sharks zone.
0:43 of 2nd period - Slapshot by James Van Riemsdyk.
0:43 of 2nd period - Shot Blocked by PK Subban.
0:55 of 2nd period - Snap shot by Evgeny Dadonov.
0:55 of 2nd period - Stopped by Ryan Miller with a rebound.
0:57 of 2nd period - Snap shot by Evgeny Dadonov.
0:57 of 2nd period - Stopped by Ryan Miller without a rebound.
0:58 of 2nd period - Jason Spezza wins face-off versus Bryan Little in Sharks zone.
1:05 of 2nd period - Jason Spezza is hit by Bryan Little and loses puck.
1:10 of 2nd period - Wrist shot by Bryan Little.
1:10 of 2nd period - Deflect By Mikkel Boedker.
1:10 of 2nd period - Goal by Mikkel Boedker - Avalanche : 1 - Sharks : 0.
1:11 of 2nd period - Jason Spezza wins face-off versus Patric Hornqvist in neutral zone.
1:19 of 2nd period - Wrist shot by Mikkel Boedker.
1:19 of 2nd period - Stopped by Ryan Miller with a rebound.
1:21 of 2nd period - Snap shot by Patric Hornqvist.
1:21 of 2nd period - Shot Misses the Net.
1:37 of 2nd period - Tyler Cuma is hit by Erik Karlsson and loses puck.
2:22 of 2nd period - Brayden McNabb is hit by Patric Hornqvist and loses puck.
2:47 of 2nd period - Wrist shot by Nick Palmieri.
2:47 of 2nd period - Stopped by Semyon Varlamov without a rebound.
2:48 of 2nd period - Paul Stastny wins face-off versus Jason Spezza in Avalanche zone.
2:48 of 2nd period - Paul Stastny is hit by Jason Spezza.
3:21 of 2nd period - Minor Penalty to Jason Spezza for Holding Stick.
3:22 of 2nd period - Bryan Little wins face-off versus Zach Boychuk in Sharks zone.
3:34 of 2nd period - Snap shot by Mikkel Boedker.
3:34 of 2nd period - Goal by Mikkel Boedker - Avalanche : 2 - Sharks : 0.
3:35 of 2nd period - Jason Spezza wins face-off versus Bryan Little in neutral zone.
3:38 of 2nd period - Slapshot by Drew Doughty.
3:38 of 2nd period - Deflect By Mikkel Boedker.
3:38 of 2nd period - Stopped by Semyon Varlamov with a rebound.
3:40 of 2nd period - Backhand shot by Tyler Cuma.
3:40 of 2nd period - Stopped by Semyon Varlamov with a rebound.
3:42 of 2nd period - Slapshot by Drew Doughty.
3:42 of 2nd period - Shot Blocked by Colten Teubert.
4:00 of 2nd period - Oskar Osala is hit by Colten Teubert and loses puck.
4:50 of 2nd period - Off-side.
4:51 of 2nd period - Jason Spezza wins face-off versus Bryan Little in neutral zone.
4:56 of 2nd period - Wrist shot by Nick Palmieri.
4:56 of 2nd period - Shot Misses the Net.
4:59 of 2nd period - Icing by Mattias Ekholm.
5:00 of 2nd period - Bryan Little wins face-off versus Jason Spezza in Avalanche zone.
5:11 of 2nd period - Snap shot by Bryan Little.
5:11 of 2nd period - Shot Blocked by Tyler Cuma.
5:13 of 2nd period - Slapshot by Mattias Ekholm.
5:13 of 2nd period - Deflect By Mikkel Boedker.
5:13 of 2nd period - Stopped by Ryan Miller with a rebound.
5:15 of 2nd period - Slapshot by Bryan Little.
5:15 of 2nd period - Shot Blocked by Nick Palmieri.
5:25 of 2nd period - Slapshot by Mikkel Boedker.
5:25 of 2nd period - Shot Misses the Net.
5:43 of 2nd period - Wrist shot by Bryan Little.
5:43 of 2nd period - Stopped by Ryan Miller without a rebound.
5:44 of 2nd period - Paul Stastny wins face-off versus T.J. Hensick in Sharks zone.
6:43 of 2nd period - Snap shot by Milan Michalek.
6:43 of 2nd period - Stopped by Semyon Varlamov with a rebound.
6:57 of 2nd period - Joni Pitkanen is hit by Erik Karlsson and loses puck.
7:36 of 2nd period - Snap shot by Tomas Tatar.
7:36 of 2nd period - Goal by Tomas Tatar - Avalanche : 3 - Sharks : 0.
7:37 of 2nd period - Bryan Little wins face-off versus Jason Spezza in neutral zone.
8:10 of 2nd period - Wrist shot by Evgeny Dadonov.
8:10 of 2nd period - Shot Misses the Net.
8:26 of 2nd period - Charlie Coyle is hit by Milan Michalek and loses puck.
9:16 of 2nd period - Joel Edmundson is hit by Mike Cammalleri and loses puck.
9:39 of 2nd period - Off-side.
9:40 of 2nd period - Paul Stastny wins face-off versus T.J. Hensick in neutral zone.
9:45 of 2nd period - Slapshot by Marc Staal.
9:45 of 2nd period - Shot Blocked by T.J. Hensick.
10:06 of 2nd period - Luke Adam is hit by Patric Hornqvist.
11:08 of 2nd period - Wrist shot by Paul Stastny.
11:08 of 2nd period - Stopped by Ryan Miller with a rebound.
11:10 of 2nd period - Snap shot by Paul Stastny.
11:10 of 2nd period - Shot Misses the Net.
11:22 of 2nd period - Wrist shot by Evgeny Dadonov.
11:22 of 2nd period - Stopped by Ryan Miller without a rebound.
11:23 of 2nd period - Nick Palmieri wins face-off versus Bryan Little in Sharks zone.
11:23 of 2nd period - Nick Palmieri is hit by Mikkel Boedker.
12:17 of 2nd period - Snap shot by Erik Karlsson.
12:17 of 2nd period - Stopped by Ryan Miller with a rebound.
12:19 of 2nd period - Slapshot by Jack Johnson.
12:19 of 2nd period - Stopped by Ryan Miller without a rebound.
12:20 of 2nd period - Charlie Coyle wins face-off versus Jason Spezza in Sharks zone.
12:51 of 2nd period - Slapshot by PK Subban.
12:51 of 2nd period - Stopped by Semyon Varlamov without a rebound.
12:52 of 2nd period - Bryan Little wins face-off versus T.J. Hensick in Avalanche zone.
12:52 of 2nd period - Bryan Little is hit by T.J. Hensick.
13:22 of 2nd period - Slapshot by Drew Doughty.
13:22 of 2nd period - Shot Misses the Net.
13:53 of 2nd period - Wrist shot by Charlie Coyle.
13:53 of 2nd period - Stopped by Ryan Miller with a rebound.
13:55 of 2nd period - Wrist shot by Tomas Tatar.
13:55 of 2nd period - Stopped by Ryan Miller with a rebound.
14:13 of 2nd period - Slapshot by Tyler Cuma.
14:13 of 2nd period - Stopped by Semyon Varlamov without a rebound.
14:14 of 2nd period - Bryan Little wins face-off versus T.J. Hensick in Avalanche zone.
14:23 of 2nd period - Snap shot by Oskar Osala.
14:23 of 2nd period - Stopped by Semyon Varlamov without a rebound.
14:24 of 2nd period - T.J. Hensick wins face-off versus Bryan Little in Avalanche zone.
15:06 of 2nd period - Snap shot by Brandon Dubinsky.
15:06 of 2nd period - Stopped by Semyon Varlamov with a rebound.
15:08 of 2nd period - Snap shot by Andrej Sekera.
15:08 of 2nd period - Shot Misses the Net.
15:24 of 2nd period - Snap shot by T.J. Hensick.
15:24 of 2nd period - Shot Blocked by Patric Hornqvist.
15:44 of 2nd period - Mattias Ekholm is hit by Oskar Osala.
15:50 of 2nd period - Slapshot by T.J. Hensick.
15:50 of 2nd period - Shot Blocked by Mattias Ekholm.
15:52 of 2nd period - Slapshot by PK Subban.
15:52 of 2nd period - Deflect By Brandon Dubinsky.
15:52 of 2nd period - Shot Misses the Net.
15:52 of 2nd period - Puck is out of play.
15:53 of 2nd period - Jason Spezza wins face-off versus Paul Stastny in Avalanche zone.
16:39 of 2nd period - Daniel Carr is hit by Drew Doughty and loses puck.
16:48 of 2nd period - Jiri Tlusty is hit by Colten Teubert and loses puck.
17:05 of 2nd period - Backhand shot by Drew Doughty.
17:05 of 2nd period - Shot Misses the Net.
17:07 of 2nd period - Backhand shot by Drew Doughty.
17:07 of 2nd period - Goal by Drew Doughty - Avalanche : 3 - Sharks : 1.
17:08 of 2nd period - Paul Stastny wins face-off versus Jason Spezza in neutral zone.
17:27 of 2nd period - Minor Penalty to Paul Stastny for Interference.
17:28 of 2nd period - Mikkel Boedker wins face-off versus Jason Spezza in Avalanche zone.
18:13 of 2nd period - Icing by Drew Doughty.
18:14 of 2nd period - T.J. Hensick wins face-off versus Bryan Little in Sharks zone.
18:25 of 2nd period - Brandon Dubinsky is hit by Peter Prucha and loses puck.
19:27 of 2nd period - Penalty to Paul Stastny is over, Paul Stastny is back on ice.
19:44 of 2nd period - Slapshot by Colten Teubert.
19:44 of 2nd period - Shot Misses the Net.
19:46 of 2nd period - Slapshot by Paul Stastny.
19:46 of 2nd period - Stopped by Ryan Miller with a rebound.
19:48 of 2nd period - Snap shot by Colten Teubert.
19:48 of 2nd period - Stopped by Ryan Miller with a rebound.
19:54 of 2nd period - Snap shot by Paul Stastny.
19:54 of 2nd period - Shot Misses the Net.
19:56 of 2nd period - Wrist shot by Colten Teubert.
19:56 of 2nd period - Stopped by Ryan Miller without a rebound.
19:57 of 2nd period - Milan Michalek wins face-off versus Kyle Turris in Sharks zone.
Goals for this period are 3 for Avalanche vs 1 for Sharks.
Shots for this period are 17 for Avalanche vs 10 for Sharks.

3rd period


0:01 of 3rd period - Jason Spezza wins face-off versus Paul Stastny in neutral zone.
0:49 of 3rd period - Snap shot by Mikkel Boedker.
0:49 of 3rd period - Shot Misses the Net.
0:51 of 3rd period - Slapshot by Colten Teubert.
0:51 of 3rd period - Shot Hit the Post.
0:53 of 3rd period - Slapshot by Marc Staal.
0:53 of 3rd period - Deflect By Bryan Little.
0:53 of 3rd period - Stopped by Ryan Miller without a rebound.
0:54 of 3rd period - T.J. Hensick wins face-off versus Paul Stastny in Sharks zone.
1:21 of 3rd period - Marc Staal is hit by Milan Michalek and loses puck.
1:42 of 3rd period - Snap shot by Zach Boychuk.
1:42 of 3rd period - Goal by Zach Boychuk - Avalanche : 3 - Sharks : 2.
1:43 of 3rd period - Paul Stastny wins face-off versus Jason Spezza in neutral zone.
1:48 of 3rd period - Wrist shot by Evgeny Dadonov.
1:48 of 3rd period - Shot Misses the Net.
1:56 of 3rd period - Snap shot by Evgeny Dadonov.
1:56 of 3rd period - Deflect By Drew Doughty.
1:56 of 3rd period - Stopped by Ryan Miller without a rebound.
1:57 of 3rd period - Bryan Little wins face-off versus Jason Spezza in Sharks zone.
2:00 of 3rd period - Slapshot by Mikkel Boedker.
2:00 of 3rd period - Stopped by Ryan Miller with a rebound.
2:14 of 3rd period - Backhand shot by Mikkel Boedker.
2:14 of 3rd period - Stopped by Ryan Miller with a rebound.
2:36 of 3rd period - Wrist shot by James Van Riemsdyk.
2:36 of 3rd period - Stopped by Ryan Miller without a rebound.
2:37 of 3rd period - Charlie Coyle wins face-off versus Luke Adam in Sharks zone.
3:04 of 3rd period - PK Subban is hit by Paul Stastny and loses puck.
3:13 of 3rd period - Snap shot by Jason Spezza.
3:13 of 3rd period - Stopped by Semyon Varlamov without a rebound.
3:14 of 3rd period - Bryan Little wins face-off versus T.J. Hensick in Avalanche zone.
3:41 of 3rd period - Mike Cammalleri is hit by Evgeny Dadonov and loses puck.
4:05 of 3rd period - Peter Prucha is hit by Luke Adam and loses puck.
5:31 of 3rd period - Patric Hornqvist is hit by Bobby Butler and loses puck.
5:50 of 3rd period - Snap shot by Charlie Coyle.
5:50 of 3rd period - Stopped by Ryan Miller without a rebound.
5:51 of 3rd period - Jason Spezza wins face-off versus Paul Stastny in Sharks zone.
6:23 of 3rd period - Snap shot by Oskar Osala.
6:23 of 3rd period - Shot Blocked by Bryan Little.
6:25 of 3rd period - Snap shot by Brandon Dubinsky.
6:25 of 3rd period - Shot Misses the Net.
6:59 of 3rd period - Daniel Carr is hit by Nick Palmieri and loses puck.
7:18 of 3rd period - Wrist shot by T.J. Hensick.
7:18 of 3rd period - Stopped by Semyon Varlamov without a rebound.
7:19 of 3rd period - T.J. Hensick wins face-off versus Paul Stastny in Avalanche zone.
7:25 of 3rd period - Minor Penalty to James Van Riemsdyk for Holding.
7:26 of 3rd period - Jason Spezza wins face-off versus Mikkel Boedker in Avalanche zone.
7:28 of 3rd period - Slapshot by Jason Spezza.
7:28 of 3rd period - Shot Misses the Net.
7:30 of 3rd period - Slapshot by Jason Spezza.
7:30 of 3rd period - Stopped by Semyon Varlamov with a rebound.
7:32 of 3rd period - Slapshot by Drew Doughty.
7:32 of 3rd period - Shot Misses the Net.
7:34 of 3rd period - Wrist shot by Nick Palmieri.
7:34 of 3rd period - Stopped by Semyon Varlamov with a rebound.
9:25 of 3rd period - Penalty to James Van Riemsdyk is over, James Van Riemsdyk is back on ice.
9:32 of 3rd period - Luke Witkowski is hit by Joni Pitkanen and loses puck.
9:59 of 3rd period - Milan Michalek is hit by Mattias Ekholm and loses puck.
10:16 of 3rd period - Kyle Turris is hit by PK Subban.
10:20 of 3rd period - Zach Boychuk is hit by Luke Witkowski and loses puck.
10:46 of 3rd period - Patric Hornqvist is hit by Tyler Cuma and loses puck.
11:32 of 3rd period - Joel Edmundson is hit by Nick Palmieri.
12:50 of 3rd period - Nick Palmieri is hit by Tomas Tatar and loses puck.
12:59 of 3rd period - Minor Penalty to Tomas Tatar for Hooking.
13:00 of 3rd period - T.J. Hensick wins face-off versus Mikkel Boedker in Avalanche zone.
13:05 of 3rd period - Snap shot by Oskar Osala.
13:05 of 3rd period - Shot Blocked by Jack Johnson.
13:30 of 3rd period - Mike Cammalleri is hit by Patric Hornqvist and loses puck.
13:38 of 3rd period - Slapshot by Tyler Cuma.
13:38 of 3rd period - Stopped by Semyon Varlamov with a rebound.
14:12 of 3rd period - Slapshot by Bryan Little.
14:12 of 3rd period - Stopped by Ryan Miller with a rebound.
14:48 of 3rd period - Slapshot by Drew Doughty.
14:48 of 3rd period - Stopped by Semyon Varlamov without a rebound.
14:49 of 3rd period - Mikkel Boedker wins face-off versus Milan Michalek in Avalanche zone.
14:59 of 3rd period - Penalty to Tomas Tatar is over, Tomas Tatar is back on ice.
15:19 of 3rd period - Snap shot by Luke Adam.
15:19 of 3rd period - Stopped by Semyon Varlamov with a rebound.
15:38 of 3rd period - Snap shot by Joni Pitkanen.
15:38 of 3rd period - Shot Blocked by Joel Edmundson.
15:43 of 3rd period - Off-side.
15:44 of 3rd period - T.J. Hensick wins face-off versus Charlie Coyle in neutral zone.
16:20 of 3rd period - Wrist shot by Bobby Butler.
16:20 of 3rd period - Stopped by Semyon Varlamov with a rebound.
17:04 of 3rd period - Slapshot by Boone Jenner.
17:04 of 3rd period - Shot Misses the Net.
17:30 of 3rd period - T.J. Hensick is hit by Jack Johnson and loses puck.
17:43 of 3rd period - Snap shot by Charlie Coyle.
17:43 of 3rd period - Shot Blocked by Drew Doughty.
17:49 of 3rd period - Milan Michalek is hit by Peter Prucha and loses puck.
18:09 of 3rd period - Backhand shot by Kyle Turris.
18:09 of 3rd period - Deflect By Daniel Carr.
18:09 of 3rd period - Stopped by Ryan Miller without a rebound.
18:10 of 3rd period - Jason Spezza wins face-off versus Bryan Little in Sharks zone.
18:26 of 3rd period - Wrist shot by Patric Hornqvist.
18:26 of 3rd period - Goal by Patric Hornqvist - Avalanche : 4 - Sharks : 2.
18:27 of 3rd period - Charlie Coyle wins face-off versus Luke Adam in neutral zone.
18:42 of 3rd period - Wrist shot by Charlie Coyle.
18:42 of 3rd period - Goal by Charlie Coyle - Avalanche : 5 - Sharks : 2.
18:43 of 3rd period - Bryan Little wins face-off versus Mike Cammalleri in neutral zone.
19:44 of 3rd period - Milan Michalek is hit by Colten Teubert and loses puck.
Goals for this period are 2 for Avalanche vs 1 for Sharks.
Shots for this period are 10 for Avalanche vs 9 for Sharks. Output by the SimonT Hockey Simulator (STHS) for Francois Prevost - Original Page W3C HTML5 Valid
Hockey Simulator - Hockey Simulation - Hockey Manager